 Dungeon Crawl Stone Soup version 0.31-a0-145-g046c7d2549 (webtiles) character file.

Game seed: 8590416593476441781

85067 holysushi the Cloud Mage (level 15, -4/82 HPs)
             Began as a Tengu Air Elementalist on June 7, 2023.
             Was the Champion of Okawaru.
             Slain by an ettin
             ... wielding a +0 dire flail
              (45 damage)
             ... on level 2 of the Orcish Mines.
             The game lasted 01:09:42 (37579 turns).

holysushi the Cloud Mage (Tengu Air Elementalist)  Turns: 37579, Time: 01:09:43

Health: -4/82      AC:  7    Str:  8    XL:     15   Next: 82%
Magic:  3/32       EV: 31    Int: 19    God:    Okawaru [******]
Gold:   2360       SH:  9    Dex: 22    Spells: 18/38 levels left

rFire   . . .        T - +1 quick blade (flame)
rCold   + . .        B - +3 warlock's mirror {omnireflect}
rNeg    . . .        F - +2 robe {Archmagi}
rPois   .            i - +1 hat {Int+3}
rElec   .            N - scarf {repulsion}
rCorr   .            s - +1 pair of gloves
SInv    .            (boots unavailable)
Will    +....        l - amulet of the acrobat
Stlth   +++          r - ring of protection from cold
HPRegen 0.33/turn    U - +5 ring of evasion
MPRegen 0.23/turn

%: repel missiles, reflection, acrobat, archmagi
@: flying quickly and evasively, studying 2 skills, quick
A: beak, talons 3, nimble flight
a: Renounce Religion, Heroism, Finesse, Duel


You were on level 2 of the Orcish Mines.
You worshipped Okawaru.
Okawaru was exalted by your worship.
You visited 4 branches of the dungeon, and saw 20 of its levels.
You also visited: Bailey, Gauntlet and Volcano.

You collected 3423 gold pieces.
You spent 1063 gold pieces at shops.

Inventory:

Hand Weapons
 T - a +1 quick blade of flaming (weapon)
Armour
 i - a +1 hat of intelligence (worn)
 s - a +1 pair of gloves (worn)
 B - the +3 warlock's mirror (worn) {omnireflect}
   (You acquired it in a bailey)

   Omnireflect: It can block and reflect piercing ranged attacks and magical
   attacks against the wielder's willpower.
 F - a +2 robe of the Archmagi (worn)
 N - a scarf of repulsion (worn)
Jewellery
 l - an amulet of the acrobat (around neck)
 r - a ring of protection from cold (left hand)
 z - a ring of resist corrosion
 K - a ring of fire
 L - a ring of fire
 S - an amulet of faith
 U - a +5 ring of evasion (right hand)
 Y - a ring of poison resistance
Wands
 a - a wand of digging (6)
 o - a wand of charming (20)
 q - a wand of roots (26)
 v - a wand of polymorph (10)
 C - a wand of quicksilver (6)
 R - a wand of mindburst (17)
 W - a wand of flame (35)
Scrolls
 b - a scroll of torment {unknown}
 c - 11 scrolls of teleportation
 f - 2 scrolls of amnesia
 j - 3 scrolls of enchant weapon
 m - 3 scrolls of vulnerability
 u - 3 scrolls of blinking
 E - 2 scrolls of poison {unknown}
 I - 3 scrolls of fear
 J - 7 scrolls of identify
 M - 2 scrolls of enchant armour
 Q - 3 scrolls of magic mapping {unknown}
 X - a scroll of fog
 Z - 2 scrolls of silence
Potions
 d - 4 potions of might
 e - 3 potions of brilliance
 g - 5 potions of attraction
 h - 3 potions of cancellation
 k - 2 potions of haste
 n - 3 potions of mutation
 p - 9 potions of curing
 w - 5 potions of enlightenment
 x - 5 potions of magic
 A - 2 potions of degeneration {unknown}
 D - 2 potions of resistance
 G - 2 potions of ambrosia
 H - a potion of berserk rage
 O - 3 potions of heal wounds
 P - 2 potions of lignification {unknown}
Miscellaneous
 V - a phial of floods


   Skills:
 - Level 5.0 Fighting
 + Level 7.8 Short Blades
 + Level 13.2 Dodging
 - Level 5.0 Stealth
 + Level 4.0 Shields
 + Level 12.1 Spellcasting
 - Level 3.0 Conjurations
 + Level 23.6 Air Magic
 - Level 5.5 Invocations


You had 18 spell levels left.
You knew the following spells:

 Your Spells              Type           Power      Damage    Failure   Level
a - Shock                 Conj/Air       100%       1d9       1%          1
b - Static Discharge      Conj/Air       100%       2-7/arc   1%          2
c - Arcjolt               Conj/Air       37%        1d47      1%          5
d - Airstrike             Air            50%        2d(8-24)  0%          4
e - Maxwell's Capacitive  Air            50%        ∞         3%          8

Your spell library contained the following spells:

 Spells                   Type           Power      Damage    Failure   Level
 Swiftness                Air            100%       N/A       0%          3
 Vhi's Electric Charge    Tloc/Air       100%       N/A       1%          3
 Momentum Strike          Conj/Tloc      50%        3d9       8%          2
 Blink                    Tloc           34%        N/A       14%         2
 Lesser Beckoning         Tloc           34%        N/A       14%         2
 Dazzling Flash           Conj/Hex       50%        N/A       14%         3
 Stone Arrow              Conj/Erth      50%        3d10      14%         3
 Frozen Ramparts          Ice            34%        1d6       26%         3
 Ozocubu's Armour         Ice            17%        N/A       26%         3
 Portal Projectile        Hex/Tloc       34%        N/A       26%         3
 Volatile Blastmotes      Fire/Tloc      34%        2d12      26%         3
 Iskenderun's Mystic Bla  Conj/Tloc      25%        2d7       43%         4
 Ice Form                 Ice/Tmut       17%        N/A       65%         4
 Leda's Liquefaction      Hex/Erth       8%         N/A       65%         4
 Metabolic Englaciation   Hex/Ice        8%         N/A       94%         5
 Dispersal                Tloc           8%         N/A       100%        6
 Eringya's Noxious Bog    Tmut/Pois      8%         N/A       100%        6
 Starburst                Conj/Fire      12%        6d5       100%        6
 Orb of Destruction       Conj           17%        9d7       100%        7
 Lehudib's Crystal Spear  Conj/Erth      12%        10d4      100%        8
 Call Canine Familiar     Summ           Unusable   N/A       N/A         3
 Summon Guardian Golem    Hex/Summ       Unusable   N/A       N/A         3
 Animate Armour           Summ/Erth      Unusable   N/A       N/A         4
 Summon Ice Beast         Ice/Summ       Unusable   N/A       N/A         4
 Simulacrum               Ice/Necr       Unusable   N/A       N/A         6
 Spellforged Servitor     Conj/Summ      Unusable   N/A       N/A         7

Dungeon Overview and Level Annotations

Branches:
Dungeon (12/15) Zot: 25332  Temple (1/1) D:4 Zot: 5809    Lair (5/5) D:11 Zot: 18466
  Swamp (0/4) Lair:2       Spider (0/4) Lair:3        Slime (0/5) Lair:4
    Orc (2/2) D:11 Zot: 10827  Bailey (visited)         Volcano (visited)
Gauntlet (visited)
    Elf: Orc:2

Altars:
Ashenzari
Cheibriados
Dithmenos
Elyvilon
Fedhas
Gozag
Hepliaklqana
Kikubaaqudgha
Makhleb
Nemelex Xobeh
Okawaru
Qazlal
Ru
Sif Muna
Trog
Uskayaw
Vehumet
Wu Jian
Xom
Yredelemnul
Zin
The Shining One
Jiyva
Lugonu

Shops:
D:4 :   D:6 *   D:7 *   D:8 (   Orc:2 (

Portals:
Abyss: Lair:5


Innate Abilities, Weirdness & Mutations

You have a beak for a mouth.
You have claws for feet.
Your magical nature lets you fly swiftly and evasively.


Message History

Things that are here:
a +0 morningstar; a +0 leather armour; an orc corpse You see here a +0 mace.
The ettin completely misses you. The ettin misses you.
There is a stone staircase leading up here.
Things that are here:
a +0 whip; a +0 ring mail You hit the ettin but do no damage.
You hit the ettin. You burn the ettin. You claw the ettin.
The ettin is heavily wounded.
You hit the ettin but do no damage. You claw the ettin, but do no damage.
You peck the ettin, but do no damage. You hit the ettin. You burn the ettin.
You claw the ettin, but do no damage. You peck the ettin, but do no damage.
The ettin is heavily wounded.
The ettin closely misses you. x2
You hit the ettin but do no damage. You claw the ettin.
You peck the ettin, but do no damage. You hit the ettin. You burn the ettin.
The ettin is severely wounded.
The ettin misses you. The ettin completely misses you.
You hit the ettin. You burn the ettin. You claw the ettin.
You hit the ettin but do no damage. You claw the ettin, but do no damage.
You peck the ettin, but do no damage.
The ettin is almost dead.
The ettin completely misses you.
The ettin hits you with a +0 great mace!!
You hear a shout!
Casting: Arcjolt (dangerous; 1% risk of failure)
Confirm with . or Enter, or press ? or * to list all spells.
You feel a surge of power!
The ettin is struck by an arc of lightning.
The ettin is almost dead.
The orc is struck by an arc of lightning!
You kill the orc!
The ettin is struck by an arc of lightning.
The ettin is almost dead.
The lightning grounds out.
You hear a shout!
The ettin hits you with a +0 dire flail!!!
Ouch! That really hurt!
You die...

.# ##
...###.##
....P...###
.......)#)##
...P...).))#
........(@##
......).C)#
..∩P.[))).#
.....().).#
..8..)...##
.......###
.......
.......
.......


You could see an ettin.

Vanquished Creatures
  Gastronok (D:10)
  An azure jelly (Lair:5)
  An orc warlord (Orc:1)
  A minotaur (Gauntlet)
  Snorg (D:12)
  Josephine (D:11)
  An ettin (Orc:2)
  Harold (D:11)
  8 hydras
  Erica (Orc:1)
  2 vault guards (Bailey)
  A catoblepas (Gauntlet)
  A centaur warrior (D:12)
  A boulder beetle (D:11)
  3 two-headed ogres
  6 death yaks
  3 thrashing horrors (Lair:5)
  Urug (D:12)
  A hell knight (Volcano)
  A fire crab (Gauntlet)
  A skyshark (Lair:4)
  2 orc knights
  Pikel (D:6)
  A deep elf pyromancer (D:11)
  2 manticores
  2 orc sorcerers (Orc:1)
  An oklob plant (Lair:4)
  7 ugly things
  4 cyclopes (Orc:2)
  A large abomination (Lair:5)
  Maurice (D:9)
  Joseph (D:8)
  2 centaur zombies (D:10)
  A molten gargoyle (Volcano)
  6 black mambas
  3 smoke demons
  5 komodo dragons
  2 gargoyles
  4 rime drakes
  11 cane toads
  A spectral unseen horror (D:10)
  An unseen horror (D:11)
  A kobold demonologist (D:7)
  An ancient zyme (Lair:5)
  An unseen horror skeleton (D:10)
  Maggie (D:7)
  The ghost of bchevrier the Fighter, an amateur GnWn of Vehumet (D:5)
  3 tyrant leeches
  6 trolls
  4 polar bears
  24 blink frogs
  A tarantella (Lair:3)
  Prince Ribbit (D:8)
  8 slime creatures
  Sigmund (D:5)
  2 ynoxinuls (Lair:5)
  A slime creature (shapeshifter) (Lair:5)
  A spriggan (Lair:5)
  6 wyverns
  4 humans (Bailey)
  62 yaks
  7 wraiths
  A water elemental (D:11)
  12 fire bats
  5 basilisks
  A chaos spawn (Lair:5)
  Eustachio (D:5)
  7 vampire mosquitoes
  7 wargs
  Menkaure (D:6)
  Edmund (D:5)
  11 small abominations (Lair:5)
  4 swamp worms
  An acid dragon (D:7)
  9 water moccasins
  4 ice beasts
  35 orc warriors
  5 black bears
  A sky beast (D:7)
  5 centaurs
  4 ogres
  26 wolves
  A lemure (D:6)
  2 phantoms
  Blork the orc (D:6)
  4 kobold brigands
  3 scorpions
  23 bullfrogs
  4 wights
  8 killer bees (D:8)
  5 electric eels (D:11)
  4 howler monkeys
  7 lava snakes (Volcano)
  10 orc priests
  4 hounds
  A centaur skeleton (D:10)
  A gnoll bouda (D:6)
  5 jellies
  Crazy Yiuf (D:2)
  3 sleepcaps
  Jessica (D:2)
  3 iguanas
  7 orc wizards
  Natasha (thrice) (D:3)
  8 gnolls (D:6)
  9 adders
  An ufetubus (D:5)
  7 dart slugs
  79 orcs
  14 bats
  2 endoplasms
  2 giant cockroaches
  14 goblins
  10 hobgoblins
  8 jackals
  3 quokkas
  6 ball pythons
  2 frilled lizards
  34 kobolds
  6 rats
680 creatures vanquished.

Vanquished Creatures (others)
  A kobold brigand (D:9)
  A kobold (D:11)
2 creatures vanquished.

Grand Total: 682 creatures vanquished

Notes
Turn   | Place    | Note
-------+----------+-------------------------------------------
     0 | D:1      | holysushi the Tengu Air Elementalist began the quest for
                  | the Orb.
     0 | D:1      | Reached XP level 1. HP: 10/10 MP: 4/4
   312 | D:1      | Reached XP level 2. HP: 16/16 MP: 1/6
   674 | D:1      | Reached skill level 1 in Fighting
  1301 | D:1      | Reached XP level 3. HP: 20/20 MP: 5/7
  1305 | D:1      | Learned a level 2 spell: Static Discharge
  1971 | D:2      | Noticed Jessica
  1976 | D:2      | Killed Jessica
  1977 | D:2      | Reached XP level 4. HP: 26/26 MP: 4/8
  2156 | D:2      | Found a blossoming altar of Fedhas.
  2284 | D:2      | Found a runed translucent door.
  2285 | D:2      | Noticed Crazy Yiuf
  2459 | D:2      | Killed Crazy Yiuf
  2460 | D:2      | Gained mutation: Your magical nature lets you fly swiftly
                  | and evasively. [Tengu growth]
  2460 | D:2      | Reached XP level 5. HP: 3/30 MP: 7/9
  2617 | D:3      | Learned a level 4 spell: Airstrike
  2659 | D:3      | Noticed Natasha
  2747 | D:3      | Killed Natasha
  3231 | D:3      | Reached XP level 6. HP: 35/35 MP: 2/11
  3277 | D:3      | Noticed Natasha
  3285 | D:3      | Killed Natasha
  3400 | D:3      | Noticed Natasha
  3405 | D:3      | Killed Natasha
  3557 | D:3      | Found an ornate altar of the Wu Jian Council.
  3938 | D:4      | Reached skill level 5 in Air Magic
  4042 | D:4      | Reached skill level 5 in Dodging
  4160 | D:4      | Found Juter's Book Emporium.
  4301 | D:4      | Reached skill level 6 in Air Magic
  4301 | D:4      | Reached XP level 7. HP: 33/40 MP: 3/13
  4530 | D:4      | Found a staircase to the Ecumenical Temple.
  4546 | D:4      | Found a burning altar of Makhleb.
  4889 | Temple   | Entered the Ecumenical Temple
  5081 | Temple   | Became a worshipper of Warmaster Okawaru
  5119 | D:5      | Entered Level 5 of the Dungeon
  5183 | D:5      | Reached skill level 7 in Air Magic
  5263 | D:5      | Noticed Sigmund
  5354 | D:5      | Killed Sigmund
  5355 | D:5      | Reached skill level 8 in Air Magic
  5473 | D:5      | Reached skill level 9 in Air Magic
  5523 | D:5      | Found a runed translucent door.
  5671 | D:5      | Noticed Edmund
  5689 | D:5      | Killed Edmund
  5690 | D:5      | Reached XP level 8. HP: 44/44 MP: 4/14
  5768 | D:5      | Noticed Eustachio
  5809 | D:5      | Killed Eustachio
  5809 | D:5      | Reached * piety under Okawaru
  5810 | D:5      | Reached skill level 10 in Air Magic
  6185 | D:5      | Noticed bchevrier's ghost (amateur GnWn)
  6810 | D:5      | Reached skill level 18 in Air Magic
  6810 | D:5      | Reached XP level 9. HP: 48/48 MP: 15/15
  6841 | D:5      | Killed bchevrier's ghost
  7370 | D:6      | Noticed Menkaure
  7374 | D:6      | Killed Menkaure
  7375 | D:6      | Reached skill level 5 in Spellcasting
  7521 | D:6      | Noticed Pikel
  7959 | D:6      | Killed Pikel
  7959 | D:6      | Reached ** piety under Okawaru
  7960 | D:6      | Reached XP level 10. HP: 53/53 MP: 0/20
  8383 | D:6      | Found Usmojargh's General Store.
  8388 | D:6      | Bought 2 potions of magic for 208 gold pieces
  8388 | D:6      | Bought a scroll of teleportation for 39 gold pieces
  8491 | D:6      | Noticed Blork the orc
  8494 | D:6      | Killed Blork the orc
  9355 | D:7      | Found Niqierch's General Store.
  9986 | D:7      | Noticed a two-headed ogre
  9988 | D:7      | Noticed a kobold demonologist
 10013 | D:7      | Killed a two-headed ogre
 10042 | D:7      | Killed a kobold demonologist
 10371 | D:7      | Reached *** piety under Okawaru
 10391 | D:7      | Found a sparkling altar of Nemelex Xobeh.
 10979 | D:7      | Noticed Maggie
 11001 | D:7      | Killed Maggie
 11002 | D:7      | Reached skill level 1 in Invocations
 11585 | D:8      | Found Woergh's Weapon Emporium.
 11602 | D:8      | Noticed a two-headed ogre
 11613 | D:8      | Found a flagged portal.
 11632 | D:8      | Killed a two-headed ogre
 11632 | D:8      | Reached **** piety under Okawaru
 11633 | D:8      | Reached XP level 11. HP: 57/57 MP: 5/23
 11742 | Bailey   | Entered a bailey
 12235 | Bailey   | Identified 3 scrolls of acquirement
 12238 | Bailey   | Acquired a +0 hat of intelligence
 12245 | Bailey   | Acquired the +3 warlock's mirror {omnireflect}
 12245 | Bailey   | Found the +3 warlock's mirror {omnireflect}
 12251 | Bailey   | Noticed a vault guard
 12281 | Bailey   | Killed a vault guard
 12374 | Bailey   | Acquired 1258 gold pieces
 12387 | Bailey   | Noticed a vault guard
 12405 | Bailey   | Killed a vault guard
 12745 | D:8      | Noticed Joseph
 12747 | D:8      | Reached skill level 1 in Shields
 12812 | D:8      | Killed Joseph
 12812 | D:8      | Reached ***** piety under Okawaru
 12948 | D:8      | Noticed a two-headed ogre
 13106 | D:8      | Found a snail-covered altar of Cheibriados.
 13292 | D:8      | Noticed Prince Ribbit
 13302 | D:8      | Killed Prince Ribbit
 13550 | D:8      | Found a bloodstained altar of Trog.
 14192 | D:6      | Bought Maxwell's Memoranda for 494 gold pieces
 14200 | D:6      | Learned a level 5 spell: Arcjolt
 14209 | D:6      | Learned a level 8 spell: Maxwell's Capacitive Coupling
 14358 | D:7      | Bought a potion of resistance for 140 gold pieces
 14360 | D:7      | Bought a potion of ambrosia for 112 gold pieces
 14360 | D:7      | Bought a potion of berserk rage for 70 gold pieces
 15069 | D:9      | Noticed Maurice
 15074 | D:9      | Killed Maurice
 15626 | D:10     | Entered Level 10 of the Dungeon
 15645 | D:10     | Found an opulent altar of Gozag.
 16100 | D:10     | Reached XP level 12. HP: 39/62 MP: 9/26
 16641 | D:10     | Found a shimmering altar of Xom.
 16833 | D:10     | Reached skill level 5 in Invocations
 16997 | D:10     | Noticed Gastronok
 17120 | D:11     | Received a gift from Okawaru
 17299 | D:11     | Found a staircase to the Lair.
 17328 | D:11     | Noticed Josephine
 17473 | D:11     | Noticed a boulder beetle
 17477 | D:11     | Killed a boulder beetle
 17523 | D:11     | Noticed a two-headed ogre
 17646 | D:11     | Killed Josephine
 17647 | D:11     | Reached skill level 19 in Air Magic
 18170 | D:11     | Noticed Harold
 18782 | D:10     | Killed a two-headed ogre
 18783 | D:10     | Reached skill level 20 in Air Magic
 18837 | D:10     | Killed Gastronok
 19583 | D:11     | Found a staircase to the Orcish Mines.
 19989 | D:11     | Killed Harold
 19990 | D:11     | Reached skill level 21 in Air Magic
 20359 | Lair:1   | Entered Level 1 of the Lair of Beasts
 20365 | Lair:1   | Reached XP level 13. HP: 68/68 MP: 19/27
 20846 | Lair:1   | Identified the +6 bardiche of Peace {freeze, rN+ rCorr
                  | Dex-3 SInv} (Okawaru gifted it to you on level 1 of the
                  | Lair of Beasts)
 20846 | Lair:1   | Received a gift from Okawaru
 21638 | Lair:1   | Reached skill level 22 in Air Magic
 22141 | Lair:2   | Reached skill level 10 in Dodging
 22234 | Lair:2   | Found a staircase to the Swamp.
 22375 | Lair:2   | Found a dark tunnel.
 22388 | Volcano  | Entered a volcano
 22887 | Volcano  | Reached ****** piety under Okawaru
 23027 | Volcano  | Found a burning altar of Makhleb.
 23276 | Volcano  | Reached skill level 10 in Spellcasting
 23618 | Lair:2   | Received a gift from Okawaru
 24030 | Lair:2   | Reached skill level 5 in Fighting
 24330 | Lair:2   | Reached XP level 14. HP: 59/78 MP: 14/29
 24574 | Lair:2   | Reached skill level 1 in Short Blades
 25481 | Lair:3   | Identified the +3 buckler of the Jackalope {Str+2} (Okawaru
                  | gifted it to you on level 3 of the Lair of Beasts)
 25481 | Lair:3   | Received a gift from Okawaru
 25951 | Lair:3   | Found a hole to the Spider Nest.
 27648 | Lair:4   | Reached skill level 23 in Air Magic
 27651 | Lair:4   | You are sucked into a shaft and drop 1 floor!
 27651 | Lair:5   | Entered Level 5 of the Lair of Beasts
 28567 | Lair:5   | Identified the +1 dagger of the Median {vamp, *Corrode
                  | rPois Int+4 Dex-5}
 28827 | Lair:5   | Identified the +5 scale mail of Gaema {rC++} (Okawaru
                  | gifted it to you on level 5 of the Lair of Beasts)
 28827 | Lair:5   | Received a gift from Okawaru
 28921 | Lair:5   | Noticed an azure jelly
 28925 | Lair:5   | Killed an azure jelly
 29002 | Lair:5   | Reached skill level 5 in Short Blades
 30645 | Lair:5   | Reached XP level 15. HP: 82/82 MP: 12/31
 30740 | Lair:5   | Reached skill level 5 in Stealth
 31551 | Lair:5   | Found a corrupted altar of Lugonu.
 31551 | Lair:5   | Found a one-way gate to the infinite horrors of the Abyss.
 32055 | Lair:4   | Found a viscous altar of Jiyva.
 32056 | Lair:4   | Found a staircase to the Slime Pits.
 32591 | Lair:3   | Found a hole to the Spider Nest.
 33743 | D:12     | Noticed Sonja
 34009 | D:12     | Received a gift from Okawaru
 34024 | D:12     | Noticed Urug
 34154 | D:12     | Killed Urug
 34453 | D:12     | Noticed Snorg
 34470 | D:12     | Killed Snorg
 35037 | Orc:1    | Entered Level 1 of the Orcish Mines
 35456 | Orc:1    | Found a shimmering altar of Xom.
 35519 | Orc:1    | Noticed an orc warlord
 35857 | Orc:1    | Killed an orc warlord
 36053 | Orc:1    | Found a shimmering blue altar of Sif Muna.
 36253 | Orc:1    | Noticed Erica
 36280 | Orc:1    | Killed Erica
 36624 | Orc:2    | Entered Level 2 of the Orcish Mines
 36624 | Orc:2    | Found a gate leading to a gauntlet.
 36624 | Orc:2    | Found Jitioq's Antique Weapon Shop.
 36649 | Gauntlet | Entered a Gauntlet
 36649 | Gauntlet | Found a transporter.
 36649 | Gauntlet | Found a transporter.
 36782 | Gauntlet | Found a transporter.
 36787 | Gauntlet | Found a transporter.
 36795 | Gauntlet | Found a transporter.
 36800 | Gauntlet | Found a transporter.
 36809 | Gauntlet | Found a transporter.
 36830 | Gauntlet | Found a transporter.
 36848 | Gauntlet | Found a transporter.
 36852 | Gauntlet | Found a transporter.
 36860 | Gauntlet | Found a transporter.
 36864 | Gauntlet | Found a transporter.
 37473 | Gauntlet | Got the Book of Points and Shaping
 37562 | Orc:2    | Received a gift from Okawaru
 37579 | Orc:2    | Slain by an ettin

Illustrated notes

Levels and vault maps discovered:
D:1:      psy_arrival_radial01, layout_basic, kennysheep_another_room,
          st_stairs_6, chequers_avenue, minmay_pentomino_t4
D:2:      minmay_kobold_bridge, layout_basic, basic_altar,
          uniq_crazy_yiuf_cottage, uniq_jessica
D:3:      layout_loops_ring, nicolae_overflow_hidden_temple, item_on_display_a,
          uniq_natasha
D:4:      layout_basic, lemuel_round_altar, minmay_temple_entry_butterflies,
          serial_shops, shop
D:5:      layout_basic, ebering_ghost_reflecting_pool, uniq_sigmund,
          uniq_eustachio, uniq_edmund
D:6:      layout_loops_corners, serial_shops, nicolae_shop_hallway_stairs,
          uniq_blork_the_orc, uniq_pikel, uniq_menkaure
D:7:      layout_layer_cave, nemelex_xobeh_ov_fountains_minmay, serial_shops,
          shop, minmay_manual_mess, uniq_maggie
D:8:      hellmonk_crumbling_castle, layout_loops_corners,
          mainiacjoe_overflow_24_doors, trog_ov_bears_minmay, serial_shops,
          nicolae_stop_n_shop_1, enter_bailey_5, minivault_21,
          uniq_prince_ribbit1, uniq_joseph
D:9:      layout_loops_ring, uniq_maurice
D:10:     layout_basic, nicolae_gozag_seed_capital, kennysheep_little_box,
          hangedman_weighted_door, uniq_gastronok
D:11:     layout_roguey [special_room_orc], grunt_lair_entry_orc_guard_hut,
          david_orc_2, serial_bayou_lagoon_b, uniq_josephine, uniq_harold
D:12:     layout_cross, grunt_decor_cap, minmay_holes, uniq_snorg, uniq_sonja,
          uniq_urug
Temple:   bh_familiar_temple
Lair:1:   layout_roguey, infiniplex_staircase_pool
Lair:2:   layout_long_grid, minmay_swamp_entry_worms,
          nicolae_volcano_entry_batcave, grunt_megastairs_3
Lair:3:   layout_layer_cave, spider_nest_entry_rubble, minivault_11,
          gammafunk_lair_bear_cave, serial_bayou_shore_b
Lair:4:   layout_misc_corridors, slime_entry_1
Lair:5:   hellmonk_lair_end_abyssal_woods, layout_regular_city,
          nicolae_lair_time_for_slime
Orc:1:    cheibrodos_orc_guarddog, layout_diamond_mine, nicolae_orc_damp_corner,
          lemuel_statue_altar, kennysheep_orc_sif_temple, uniq_erica
Orc:2:    grunt_orc_gardens, layout_caves, grunt_orc_garden, grunt_orc_garden,
          grunt_orc_garden, grunt_orc_garden, gauntlet_entry_generic,
          mines1_david

Skill      XL: |  1  2  3  4  5  6  7  8  9 10 11 12 13 14 15 |
---------------+----------------------------------------------+-----
Conjurations   | 2 3 |  3.0
Fighting       | 1 2 5 |  5.0
Dodging        | 3 4 5 6 9 10 12 13 | 13.2
Spellcasting   | 3 6 7 9 10 11 12 | 12.1
Air Magic      | 6 9 18 21 22 23 | 23.6
Invocations    | 2 4 5 |  5.5
Shields        | 2 4 |  4.0
Short Blades   | 5 7 |  7.8
Stealth        | 4 5 |  5.0

Action                     |  1- 3 |  4- 6 |  7- 9 | 10-12 | 13-15 || total
---------------------------+-------+-------+-------+-------+-------++-------
  Melee: Unarmed           |    11 |     3 |    16 |    46 |       ||    76
         Kick              |     2 |     2 |     7 |    37 |   100 ||   148
         Peck              |     1 |       |     4 |    11 |    63 ||    79
         Dagger            |       |       |       |    38 |    44 ||    82
         Punch             |       |       |       |     1 |       ||     1
         Quick blade       |       |       |       |       |   148 ||   148
   Cast: Shock             |    67 |   111 |    92 |   209 |    29 ||   508
         Airstrike         |       |     4 |    27 |   189 |   192 ||   412
         Static Discharge  |       |       |       |    26 |    24 ||    50
         Arcjolt           |       |       |       |    10 |    41 ||    51
         Maxwell's Capacit |       |       |       |    17 |   138 ||   155
 Invoke: Heroism           |       |       |       |     2 |       ||     2
    Use: Potion            |       |     1 |     1 |     2 |       ||     4
         Scroll            |       |       |    10 |    16 |     1 ||    27
   Stab: Sleeping          |       |       |       |       |     1 ||     1
 Armour: Robe              |    14 |     4 |     6 |    26 |    23 ||    73
         Steam dragon scal |       |       |       |    17 |       ||    17
  Dodge: Dodged            |    40 |    26 |    48 |   271 |   440 ||   825
         Repelled          |       |       |       |       |     3 ||     3
  Block: Buckler           |       |       |       |    68 |   178 ||   246
         Reflection        |       |       |       |    11 |    15 ||    26

Table legend: (Time is in decaauts)
 A = Elapsed time spent in this place.
 B = Non-inter-level travel time spent in this place.
 C = Inter-level travel time spent in this place.
 D = Time resting spent in this place.
 E = Time spent auto-exploring this place.
 F = Levels seen in this place.
 G = Mean time per level.
                   A        B        C        D        E       F      G
               +--------+--------+--------+--------+--------+-----+--------+
         Total |  35964 |  34844 |   1120 |  14054 |  15013 |  23 | 1563.7 |
       Dungeon |  20153 |  19319 |    834 |   7626 |   8686 |  12 | 1679.4 |
        Temple |    190 |    153 |     37 |      0 |    141 |   1 |  190.0 |
          Lair |  11534 |  11304 |    230 |   4728 |   4813 |   5 | 2306.8 |
  Orcish Mines |   1171 |   1154 |     17 |    376 |    537 |   2 |  585.5 |
        Bailey |    932 |    932 |      0 |    519 |    113 |   1 |  932.0 |
       Volcano |   1112 |   1112 |      0 |    383 |    477 |   1 | 1112.0 |
      Gauntlet |    869 |    869 |      0 |    420 |    243 |   1 |  869.0 |
               +--------+--------+--------+--------+--------+-----+--------+

Top non-repeatable levels by time:
  Lair:5: 3910 daAuts
    D:11: 3494 daAuts
  Lair:3: 3267 daAuts
     D:6: 2436 daAuts
     D:7: 2249 daAuts
    D:10: 1950 daAuts
  Lair:1: 1902 daAuts
     D:5: 1689 daAuts
     D:1: 1530 daAuts
  Lair:2: 1509 daAuts
     D:8: 1495 daAuts
     D:9: 1313 daAuts
     D:2: 1200 daAuts
     D:3: 1197 daAuts
   Orc:1: 1132 daAuts
